 Dungeon Crawl Stone Soup version 0.30-a0-622-gddc90eaa04 (webtiles) character file.

Game seed: 7503984166040354828

134 Sabo the Firebug (level 5, -3/31 HPs)
             Began as an Octopode Fire Elementalist on Jan 10, 2023.
             Was an Initiate of Gozag.
             Slain by an ogre
             ... wielding a +0 giant club
              (34 damage)
             ... on level 4 of the Dungeon.
             The game lasted 00:17:02 (3324 turns).

Sabo the Firebug (Octopode Fire Elementalist)       Turns: 3324, Time: 00:17:02

Health: -3/31      AC:  1    Str:  7    XL:     5   Next: 17%
Magic:  5/9        EV: 13    Int: 19    God:    Gozag
Gold:   214        SH:  0    Dex: 13    Spells: 7/10 levels left

rFire   . . .      SeeInvis .    o - +2 falchion (protect)
rCold   . . .      Faith    .    (no shield)
rNeg    + . .      Spirit   .    (helmet restricted)
rPois   .          Reflect  .    (no amulet)
rElec   .          Harm     .    s - ring of positive energy
rCorr   .          Rampage  .    (no ring)
Will    .....                    (no ring)
Stlth   +++                      (no ring)
HPRegen 0.25/turn                (no ring)
MPRegen 0.11/turn                (no ring)
                                 (no ring)
                                 (no ring)

@: no status effects
A: almost no armour, amphibious, 8 rings, camouflage 1, gelatinous body 1,
(nimble swimmer 1), tentacles
a: Renounce Religion, Potion Petition, Call Merchant, Bribe Branch


You were on level 4 of the Dungeon.
You worshipped Gozag.
Gozag was aware of your devotion.
You visited 1 branch of the dungeon, and saw 4 of its levels.

You collected 236 gold pieces.
You paid 22 gold pieces to Gozag.

Inventory:

Hand Weapons
 c - a +0 hand axe
 d - a +0 sling
 k - a +0 morningstar
 o - a +2 falchion of protection (weapon)
Missiles
 q - 4 boomerangs
Jewellery
 s - a ring of positive energy (left tentacle)
Scrolls
 e - a scroll of noise {unknown}
 g - a scroll of enchant armour {unknown}
 h - a scroll of vulnerability {unknown}
 l - a scroll of blinking {unknown}
 m - a scroll of identify {unknown}
 n - 2 scrolls of amnesia {unknown}
 p - a scroll of enchant weapon {unknown}
 r - a scroll of fog {unknown}
 u - a scroll of magic mapping {unknown}
Potions
 a - a potion of magic
 b - 2 potions of ambrosia {unknown}
 f - a potion of berserk rage {unknown}
 i - a potion of haste {unknown}
 j - a potion of heal wounds {unknown}
 t - a potion of mutation {unknown}


   Skills:
 + Level 2.5 Dodging
 + Level 3.3 Stealth
 + Level 3.1 Spellcasting
 + Level 2.0 Conjurations
 + Level 4.0 Fire Magic


You had 7 spell levels left.
You knew the following spells:

 Your Spells              Type           Power      Damage    Failure   Level
a - Foxfire               Conj/Fire      56%        2x1d6     4%          1
b - Scorch                Fire           36%        2d7       4%          2

Your spell library contained the following spells:

 Spells                   Type           Power      Damage    Failure   Level
 Inner Flame              Hex/Fire       10%        N/A       21%         3
 Kindle Blastsparks       Fire/Tloc/Air  16%        2d11      26%         3
 Flame Wave               Conj/Fire      14%        2d6       38%         4
 Ozocubu's Armour         Ice            2%         N/A       41%         3
 Ozocubu's Refrigeration  Ice            1%         4d7       100%        7


Dungeon Overview and Level Annotations

Branches:
Dungeon (4/15)
 Temple: D:4-7

Altars:
Gozag


Innate Abilities, Weirdness & Mutations

You cannot wear most types of armour.
You are amphibious.
You can wear up to eight rings at the same time.
Your skin changes colour to match your surroundings (Stealth+).
Your rubbery body absorbs attacks. (AC +1, EV +1)
((You are camouflaged when in or above water. (Stealth+)))
You have tentacles for arms and can constrict up to eight enemies at once.


Message History

Confirm with . or Enter, or press ? or * to list all spells.
Flames lash the adder.
The adder is burned terribly!
You kill the adder!
Unknown command.
You start resting.
HP restored.
You start resting.
A quokka comes into view.
Found a robe.
You now have 206 gold pieces (gained 5).
A quokka is nearby!
Casting: Scorch (safe; 4% risk of failure)
Confirm with . or Enter, or press ? or * to list all spells.
Flames lash the quokka.
You kill the quokka!
Unknown command.
You start resting.
Magic restored.
Found a scroll labelled OWNAERO MICUY and 6 gold pieces.
u - a scroll labelled CAVOICLAKE You now have 214 gold pieces (gained 8).
n - 2 scrolls labelled AZEXZIU XUERO (gained 1)
An ogre comes into view. It is wielding a +0 giant club.
The ogre shouts!
Found 10 gold pieces.
Casting: Scorch (safe; 4% risk of failure)
Confirm with . or Enter, or press ? or * to list all spells.
Flames lash the ogre.
The ogre is lightly wounded.
The ogre's fire resistance burns away.
A phantom comes into view.
Unknown command.
Casting: Scorch (safe; 4% risk of failure)
Confirm with . or Enter, or press ? or * to list all spells.
Flames lash the ogre.
The ogre is burned terribly!
The ogre is moderately wounded.
The ogre hits you with a +0 giant club!!
Ouch! That really hurt!
You die...
Your body crumbles into a pile of gold.

###....#
###.....# #
##.....###
..####.....##
..........##
..........<###
.####.<.....##
###......##
####@O..#
#........# $
#.......[..?.#
#.....$........
#..........#...
#..........###.
#...........
#..$....W...#


You could see an ogre (combustible) and a phantom.

Vanquished Creatures
  3 gnolls (D:2)
  6 adders
  A worm (D:3)
  A dart slug (D:1)
  6 bats
  5 endoplasms
  2 giant cockroaches
  2 goblins
  5 hobgoblins
  4 jackals (D:2)
  2 quokkas
  3 ball pythons
  A frilled lizard (D:3)
  3 kobolds (D:1)
  6 rats
50 creatures vanquished.

Vanquished Creatures (others)
  84 foxfires
  A fungus (D:3)
85 creatures vanquished.

Grand Total: 135 creatures vanquished

Notes
Turn   | Place    | Note
-------+----------+-------------------------------------------
     0 | D:1      | Sabo the Octopode Fire Elementalist began the quest for the
                  | Orb.
     0 | D:1      | Reached XP level 1. HP: 11/11 MP: 3/3
   274 | D:1      | Reached XP level 2. HP: 16/17 MP: 0/5
  1256 | D:2      | Reached XP level 3. HP: 20/21 MP: 1/6
  1303 | D:2      | Learned a level 2 spell: Scorch
  1453 | D:2      | Reached XP level 4. HP: 5/27 MP: 0/7
  1675 | D:2      | Found an opulent altar of Gozag.
  1717 | D:2      | Became a worshipper of Gozag Ym Sagoz the Greedy
  2716 | D:3      | Reached skill level 4 in Fire Magic
  2829 | D:3      | Reached XP level 5. HP: 28/31 MP: 0/9
  3316 | D:4      | Noticed an ogre
  3323 | D:4      | Noticed a phantom
  3324 | D:4      | Slain by an ogre

Illustrated notes

Levels and vault maps discovered:
D:1:      dpeg_arrival_houses_and_road, layout_basic, serial_bayou_ford_a
D:2:      layout_basic, basic_altar, minmay_box_of_dots
D:3:      minmay_spotlight, layout_loops_corners,
          dreamdust_ecumenical_altar_hidden_monk_grotto, columned_hall_lemuel
D:4:      layout_cave_pods, minmay_temple_entry_antechambers

Skill      XL: |  1  2  3  4 |
---------------+-------------+-----
Stealth        | 3 |  3.3
Fire Magic     | 4 |  4.0
Conjurations   | 2 |  2.0
Spellcasting   | 3 |  3.1
Dodging        | |  2.5

Action                   |  1- 3 |  4- 6 || total
-------------------------+-------+-------++-------
Melee: Short sword       |     1 |       ||     1
       Hand axe          |     6 |       ||     6
       Constrict         |     4 |     2 ||     6
       Tentacles         |     3 |       ||     3
       Falchion          |       |     6 ||     6
 Cast: Foxfire           |    35 |    12 ||    47
       Scorch            |       |    24 ||    24
Armor: Skin              |     1 |     3 ||     4
Dodge: Dodged            |     9 |     7 ||    16

Table legend: (Time is in decaauts)
 A = Elapsed time spent in this place.
 B = Non-inter-level travel time spent in this place.
 C = Inter-level travel time spent in this place.
 D = Time resting spent in this place.
 E = Time spent auto-exploring this place.
 F = Levels seen in this place.
 G = Mean time per level.
                   A        B        C        D        E       F      G
               +--------+--------+--------+--------+--------+-----+--------+
         Total |   3324 |   3324 |      0 |    955 |      0 |   4 |  831.0 |
       Dungeon |   3324 |   3324 |      0 |    955 |      0 |   4 |  831.0 |
               +--------+--------+--------+--------+--------+-----+--------+

Top non-repeatable levels by time:
     D:1: 1212 daAuts
     D:2: 1015 daAuts
     D:3: 1014 daAuts
     D:4: 82 daAuts
